 Dungeon Crawl Stone Soup version 0.21.1-1-g345015f (webtiles) character file.

56 Mesmaeker13 the Firebug (level 3, 0/19 HPs)
             Began as a Gargoyle Fire Elementalist on May 30, 2018.
             Slain by diana's ghost (10 damage)
             ... on level 3 of the Dungeon.
             The game lasted 00:02:55 (2044 turns).

Mesmaeker13 the Firebug (GrFE)                      Turns: 2044, Time: 00:02:56

Health: 0/19       AC:  6    Str: 11    XL:     3   Next: 95%
Magic:  3/6        EV: 12    Int: 16    God:
Gold:   100        SH:  0    Dex: 10    Spells: 5/6 levels left

rFire    . . .     SeeInvis .   h - +0 dagger
rCold    . . .     Gourm    .   (no shield)
rNeg     + + .     Faith    .   a - +0 robe
rPois    ∞         Spirit   .   m - +0 helmet
rElec    +         Reflect  .   (no cloak)
rCorr    .         Harm     .   (no gloves)
MR       .....                  (no boots)
Stlth    ++........             (no amulet)
HPRegen  0.06/turn              (no ring)
MPRegen  0.10/turn              f - ring of positive energy

@: no status effects
A: negative energy resistance 1, electricity resistance, unbreathing,
petrification resistance, rot immunity, AC +3
a: no special abilities


You were on level 3 of the Dungeon.
You were hungry.

You visited 1 branch of the dungeon, and saw 3 of its levels.

You collected 100 gold pieces.

Inventory:

Hand Weapons
 h - a +0 dagger (weapon)
Missiles
 g - 5 curare-tipped needles
 j - a throwing net (quivered)
Armour
 a - a +0 robe (worn)
 m - a +0 helmet (worn)
Jewellery
 f - a ring of positive energy (right hand)
Scrolls
 d - 2 scrolls of teleportation {unknown}
 e - a scroll of fog
 l - a scroll of amnesia {unknown}
Potions
 i - a potion of degeneration {unknown}
 k - a potion of might {unknown}
 n - a potion of brilliance {unknown}
Books
 b - a book of Flames

   Spells                             Type                      Level
   a - Flame Tongue                   Conjuration/Fire             1
   b - Throw Flame                    Conjuration/Fire             2
   c - Conjure Flame                  Conjuration/Fire             3
   d - Inner Flame                    Hexes/Fire                   3
   e - Sticky Flame                   Conjuration/Fire             4
   f - Fireball                       Conjuration/Fire             5
Comestibles
 c - 3 rations


   Skills:
 + Level 2.3 Dodging
 - Level 2.1 Stealth
 - Level 2.0 Spellcasting
 + Level 2.3 Conjurations
 + Level 3.6 Fire Magic


You had 5 spell levels left.
You knew the following spells:

 Your Spells              Type           Power        Failure   Level  Hunger
a - Flame Tongue          Conj/Fire      ##...        6%          1    #......


Dungeon Overview and Level Annotations

Branches:
Dungeon (3/15)

Altars:
Elyvilon
Fedhas
Nemelex Xobeh

Annotations:
D:3 diana's ghost, amateur DsGl


Innate Abilities, Weirdness & Mutations

You are resistant to torment.
Your stone body is resilient. (AC +3)
You are immune to poison.
You resist negative energy. (rN+)
You are resistant to electric shocks. (rElec)
You can survive without breathing.
You are immune to petrification.
You are immune to rotting.


Message History

Aiming: Flame Tongue
Press: ? - help, Shift-Dir - straight line, f/p - diana's ghost
Aim: diana's ghost (lightly damaged)
The flame tongue hits diana's ghost.
Diana's ghost is moderately damaged.
You are feeling hungry.
Diana's ghost hits you but does no damage.
Casting: Flame Tongue
Confirm with . or Enter, or press ? or * to list all spells.
Aiming: Flame Tongue
Press: ? - help, Shift-Dir - straight line, f/p - diana's ghost
Aim: diana's ghost (moderately damaged)
You miscast Flame Tongue.
You are very lightly contaminated with residual magic.
Your skin glows momentarily.
Diana's ghost hits you.
There is an open door here.
Your magical contamination has completely faded away.
Diana's ghost hits you!
Ouch! That really hurt!
You die...

.# #### #.# #...
#.# ###.#.###.#
..........#######
###.............#
#......@........#
#.##...W........#
#....##.........>
....###....####..
...........#
..#.###....# #
#........#
#.####.....# ...
#.....#


You could see diana's ghost.

Vanquished Creatures
  An adder (D:2)
  3 worms (D:2)
  2 dart slugs (D:1)
  5 bats
  10 goblins
  4 hobgoblins
  A frilled lizard (D:2)
  5 kobolds
  5 rats
36 creatures vanquished.

Notes
Turn   | Place    | Note
-------+----------+-------------------------------------------
     0 | D:1      | Mesmaeker13 the Gargoyle Fire Elementalist began the quest for the Orb.
     0 | D:1      | Reached XP level 1. HP: 10/10 MP: 3/3
    89 | D:1      | Reached XP level 2. HP: 15/15 MP: 1/5
  1074 | D:2      | Reached XP level 3. HP: 15/19 MP: 0/6
  1174 | D:2      | Found a blossoming altar of Fedhas.
  1229 | D:2      | Found a sparkling altar of Nemelex Xobeh.
  1536 | D:2      | Found a white marble altar of Elyvilon.
  1911 | D:3      | Noticed diana's ghost (amateur DsGl)
  2044 | D:3      | Slain by diana's ghost

Skill      XL: |  1  2 |
---------------+-------+-----
Dodging        | 2 |  2.3
Conjurations   | 2 |  2.3
Stealth        | |  2.1
Spellcasting   | |  2.0
Fire Magic     | |  3.6

Action                   || total
-------------------------++-------
Melee: Unarmed           ||     5
       Dagger            ||    22
 Cast: Flame Tongue      ||    65
  Use: Scroll            ||     2
 Stab: Sleeping          ||     1
  Eat: Chunk             ||     4
Armor: Robe              ||    15
Dodge: Dodged            ||    22
